 Dungeon Crawl Stone Soup version 0.22.1-1-ga44c0e56f4 (webtiles) character file.

54081 Knicklaso the Fighter (level 14, -4/92 HPs)
             Began as a Gargoyle Earth Elementalist on Oct 4, 2018.
             Was the Champion of Elyvilon.
             Slain by an orc knight
             ... wielding a +2 battleaxe of flaming
              (9 damage)
             ... on level 2 of the Orcish Mines on Oct 5, 2018.
             The game lasted 02:02:36 (27601 turns).

Knicklaso the Fighter (GrEE)                       Turns: 27601, Time: 02:02:37

Health: -4/92      AC: 26    Str: 12    XL:     14   Next: 71%
Magic:  2/21       EV: 20    Int: 21    God:    Elyvilon [******]
Gold:   832        SH:  4    Dex: 10    Spells: 7/23 levels left

rFire    . . .     SeeInvis .   y - staff of earth
rCold    . . .     Gourm    .   z - +0 buckler
rNeg     + . .     Faith    .   c - +0 robe
rPois    ∞         Spirit   .   X - +2 helmet
rElec    +         Reflect  .   l - +2 cloak
rCorr    .         Harm     .   h - +0 pair of gloves
MR       +....                  T - +1 pair of boots
Stlth    ++........             (no amulet)
HPRegen  0.25/turn              t - +4 ring of evasion
MPRegen  0.17/turn              V - +5 ring of protection

@: flying
A: big wings, negative energy resistance 1, electricity resistance, unbreathing,
petrification resistance, rot immunity, AC +10
a: Stop Flying, Lesser Healing, Heal Other, Purification, Greater Healing,
Divine Vigour, Divine Protection, Renounce Religion


You were on level 2 of the Orcish Mines.
You worshipped Elyvilon.
Elyvilon was exalted by your worship.
You were not hungry.

You visited 4 branches of the dungeon, and saw 21 of its levels.
You also visited: Bailey.

You collected 2473 gold pieces.
You spent 1641 gold pieces at shops.

Inventory:

Hand Weapons
 v - the +5 spear of Asued {holy, SInv}
   (You found it on level 7 of the Dungeon)

   It has been blessed by the Shining One to cause great damage to the undead
   and demons.
   It lets you see invisible.
 J - a +0 quarterstaff of crushing
Missiles
 b - 56 stones (quivered)
Armour
 c - a +0 robe (worn)
 h - a +0 pair of gloves (worn)
 l - a +2 cloak (worn)
 x - a cursed -1 ring mail
 z - a +0 buckler (worn)
 T - a +1 pair of boots (worn)
 X - a +2 helmet (worn)
 Y - a +0 leather armour of magic resistance
Magical Staves
 y - an uncursed staff of earth (weapon)
Jewellery
 a - an uncursed ring of resist corrosion {unknown}
 e - an uncursed amulet of the acrobat {unknown}
 j - an uncursed ring of protection from fire
 k - an uncursed ring of stealth
 t - a +4 ring of evasion (left hand)
 N - the ring of Foolhardiness {rCorr Int+2}
   (You found it on level 8 of the Dungeon)

   [ring of resist corrosion]

   It affects your intelligence (+2).
 V - a +5 ring of protection (right hand)
Wands
 g - a wand of scattershot (4)
 r - a wand of paralysis (7)
 E - a wand of iceblast (15)
 G - a wand of enslavement (30)
 L - a wand of digging (9)
 O - a wand of acid (3)
Scrolls
 f - 12 scrolls of identify
 m - a scroll of noise {unknown}
 n - 6 scrolls of enchant weapon {unknown}
 s - 4 scrolls of teleportation
 w - a scroll of acquirement {unknown}
 A - a scroll of enchant armour {unknown}
 B - a scroll of amnesia
 C - 2 scrolls of fear
 W - a scroll of fog
 Z - 4 scrolls of remove curse
Potions
 i - 5 potions of heal wounds
 o - a potion of haste {unknown}
 p - 2 potions of resistance
 q - 10 potions of curing
 u - a potion of berserk rage {unknown}
 R - 3 potions of might
Miscellaneous
 D - a lamp of fire (inert)
Comestibles
 d - 44 rations


   Skills:
 + Level 12.6 Fighting
 - Level 12.0 Staves
 + Level 8.9 Dodging
 - Level 2.1 Stealth
 - Level 4.0 Shields
 - Level 5.0 Spellcasting
 - Level 6.0 Conjurations
 - Level 2.1 Summonings
 - Level 0.7 Transmutations
 - Level 11.0 Earth Magic
 + Level 10.0 Invocations
 + Level 4.8 Evocations


You had 7 spell levels left.
You knew the following spells:

 Your Spells              Type           Power        Failure   Level  Hunger
a - Sandblast             Erth           ######       1%          1    None
b - Passwall              Tmut/Erth      #####...     1%          2    None
c - Stone Arrow           Conj/Erth      ######       1%          3    ##.....
d - Apportation           Tloc           #.....       11%         1    None
e - Summon Small Mammal   Summ           ##..         4%          1    None
f - Lee's Rapid Deconstr  Erth           ######....   3%          5    #####..
g - Conjure Flame         Conj/Fire      ###.....     10%         3    ##.....

Your spell library contained the following spells:

 Spells                   Type           Power        Failure   Level  Hunger
 Flame Tongue             Conj/Fire      ###..        3%          1    None
 Throw Flame              Conj/Fire      ###...       4%          2    None
 Petrify                  Tmut/Erth      #####...     10%         4    ####...
 Animate Skeleton         Necr           N/A          11%         1    None
 Confusing Touch          Hex            #.....       11%         1    None
 Recall                   Summ/Tloc      N/A          22%         3    ##.....
 Summon Guardian Golem    Hex/Summ       #.......     22%         3    ##.....
 Sticky Flame             Conj/Fire      ###.....     30%         4    ####...
 Inner Flame              Hex/Fire       #.......     32%         3    ##.....
 Summon Ice Beast         Ice/Summ       #.......     56%         4    ####...
 Summon Lightning Spire   Summ/Air       #.......     56%         4    ####...
 Fireball                 Conj/Fire      ###.......   65%         5    #####..
 Cause Fear               Hex            #.........   71%         4    ####...
 Summon Mana Viper        Hex/Summ       #.......     89%         5    #####..
 Yara's Violent Unravell  Hex/Tmut       #.........   95%         5    #####..
 Silence                  Hex/Air        #.........   96%         5    #####..
 Deflect Missiles         Chrm/Air       #.........   100%        6    #######
 Spellforged Servitor     Conj/Summ      ###.......   100%        7    #######
 Controlled Blink         Tloc           N/A          100%        8    #######
 Discord                  Hex            #.........   100%        8    #######


Dungeon Overview and Level Annotations

Branches:
Dungeon (12/15)            Temple (1/1) D:4            Lair (6/6) D:10
 Shoals (0/4) Lair:2       Spider (0/4) Lair:3        Slime (0/5) Lair:6
    Orc (2/2) D:11            Elf (0/3) Orc:2

Altars:
Ashenzari
Cheibriados
Dithmenos
Elyvilon
Fedhas
Gozag
Hepliaklqana
Kikubaaqudgha
Makhleb
Nemelex Xobeh
Okawaru
Qazlal
Ru
Sif Muna
Trog
Uskayaw
Vehumet
Wu Jian
Xom
Yredelemnul
Zin
The Shining One
Jiyva

Shops:
D:5 (%   D:6 [   D:8 *   D:9 =   D:12 (   Orc:1 :}   Orc:2 **

Annotations:
D:10 1 runed door, Acry's ghost, novice GrGl
Lair:3 2 transporters
Orc:2 Rupert


Innate Abilities, Weirdness & Mutations

You are resistant to torment.
Your stone body is resilient. (AC +10)
You are immune to poison.
Your large and strong wings let you fly indefinitely.
You resist negative energy. (rN+)
You are resistant to electric shocks. (rElec)
You can survive without breathing.
You are immune to petrification.
You are immune to rotting.


Message History

You feel a surge of power!
The stone arrow hits the orc knight.
The orc knight is heavily wounded.
The orc knight misses you.
Casting: Stone Arrow (safe; 1% risk of failure)
Confirm with . or Enter, or press ? or * to list all spells.
Aiming: Stone Arrow (safe; 1% risk of failure)
Press: ? - help, Shift-Dir - straight line, f/p - orc knight
Aim: an orc knight, wielding a battleaxe of flaming and wearing a chain mail You feel a surge of power!
The stone arrow misses the orc knight.
The orc warrior completely misses you. The orc knight closely misses you.
Casting: Stone Arrow (safe; 1% risk of failure)
Confirm with . or Enter, or press ? or * to list all spells.
Aiming: Stone Arrow (safe; 1% risk of failure)
Press: ? - help, Shift-Dir - straight line, f/p - orc knight
Aim: an orc knight, wielding a battleaxe of flaming and wearing a chain mail You feel a surge of power!
The stone arrow misses the orc knight.
The orc warrior hits you from afar with a glaive!!
* * * LOW HITPOINT WARNING * * *
The orc knight hits you with a battleaxe of flaming!
You die...

## ##### ### ### .# #.#.# ##.##
####.## #### ####..##
#.o4######.#...# #..#
#......#####.....#........
...#####......oo####.o...........
....##.........#@#####.(..#......
...........#...####.#............
...........#.....#.(..((.(....##.
#..........##.....#..).^.......#.
##........###.................#..
.#...#.....#.....................
.....##..............#.##........
....###................##....#...
.....##..........##......#.......


You could see an orc knight and an orc warrior.

Vanquished Creatures
  Snorg (Orc:2)
  Josephine (Lair:5)
  3 hydras
  A merfolk avatar (Lair:6)
  A two-headed ogre (D:8)
  An orc high priest (Orc:1)
  Sonja (Lair:6)
  A sun demon (Orc:2)
  An unseen horror (D:11)
  7 orc knights
  A harpy (Lair:6)
  3 ugly things
  2 oklob plants (Lair:1)
  2 cyclopes (D:12)
  4 elephants (Lair:6)
  A manticore (D:11)
  Joseph (D:7)
  5 black mambas
  11 spiny frogs
  7 rime drakes
  5 komodo dragons
  5 jumping spiders
  3 hornets (Lair:6)
  17 blink frogs
  6 polar bears
  16 hippogriffs
  Sigmund (D:6)
  5 dream sheep (Lair:4)
  3 wyverns
  2 redbacks (Lair:3)
  2 vampires
  Eustachio (D:4)
  30 yaks
  4 wraiths (Lair:5)
  A human (D:7)
  3 hogs (D:7)
  A hungry ghost (D:10)
  A chaos spawn (Orc:2)
  A warg (Orc:1)
  10 water moccasins
  7 porcupines
  5 black bears
  32 orc warriors
  A swamp drake (D:11)
  2 ice beasts
  2 sky beasts
  A phantom (D:12)
  12 centaurs
  4 wolves (Lair:4)
  An eye of draining (D:10)
  9 ogres
  16 crocodiles
  2 big kobolds (D:12)
  Blork the orc (D:5)
  15 bullfrogs
  A water moccasin skeleton (D:5)
  4 scorpions
  6 wights
  3 howler monkeys
  2 vampire bats (Lair:6)
  4 crimson imps
  26 orc priests
  5 bullfrog skeletons
  4 hounds
  6 jellies
  2 iguanas
  18 orc wizards
  A hell rat (Lair:2)
  6 worker ants
  A killer bee zombie (D:7)
  A hound zombie (D:4)
  2 hound skeletons
  2 worker ant zombies
  15 adders
  14 river rats (Lair:2)
  3 shadow imps
  2 adder skeletons
  An adder zombie (D:9)
  A worm (D:5)
  3 dart slugs
  5 leopard geckos
  141 orcs
  11 giant cockroaches
  9 goblins
  6 hobgoblins
  8 jackals
  11 quokkas
  A ball python (D:3)
  10 bats
  6 frilled lizards
  A jackal skeleton (D:4)
  13 kobolds
  2 quokka skeletons
  14 rats
  A plant (Lair:1)
654 creatures vanquished.

Vanquished Creatures (others)
  A hydra (Lair:6)
  5 yaks (Lair:6)
  16 fungi
  14 plants
36 creatures vanquished.

Grand Total: 690 creatures vanquished

Notes
Turn   | Place    | Note
-------+----------+-------------------------------------------
     0 | D:1      | Knicklaso the Gargoyle Earth Elementalist began the quest
                  | for the Orb.
     0 | D:1      | Reached XP level 1. HP: 10/10 MP: 3/3
   248 | D:1      | Reached XP level 2. HP: 12/15 MP: 3/5
   772 | D:2      | Reached XP level 3. HP: 19/19 MP: 3/6
   880 | D:2      | Reached skill level 5 in Earth Magic
  1045 | D:2      | Reached XP level 4. HP: 24/24 MP: 5/8
  1156 | D:2      | Found a sacrificial altar of Ru.
  1710 | D:3      | Reached XP level 5. HP: 28/28 MP: 7/9
  2009 | D:3      | Found a glowing silver altar of Zin.
  2244 | D:4      | Reached skill level 1 in Fighting
  2259 | D:3      | Reached XP level 6. HP: 20/34 MP: 4/11
  2559 | D:4      | Noticed Eustachio
  2563 | D:4      | Killed Eustachio
  2587 | D:4      | Reached XP level 7. HP: 33/40 MP: 4/12
  2703 | D:4      | Reached skill level 1 in Staves
  2778 | D:4      | Found a white marble altar of Elyvilon.
  2832 | D:4      | Found a staircase to the Ecumenical Temple.
  2902 | D:4      | Reached skill level 1 in Shields
  3185 | Temple   | Entered the Ecumenical Temple
  3412 | D:4      | Became a worshipper of Elyvilon the Healer
  3439 | D:5      | Entered Level 5 of the Dungeon
  3476 | D:5      | Noticed Blork the orc
  3479 | D:5      | Killed Blork the orc
  3479 | D:5      | Reached XP level 8. HP: 46/46 MP: 11/14
  4104 | D:5      | Found an iron altar of Okawaru.
  4377 | D:5      | Found Ithracab's Antique Weapon Shoppe.
  4436 | D:5      | Learned a level 2 spell: Passwall
  4440 | D:5      | Learned a level 3 spell: Stone Arrow
  4620 | D:5      | Found Vufubb Huih's Food Boutique.
  4676 | D:5      | Reached skill level 5 in Fighting
  4694 | D:5      | Reached * piety under Elyvilon
  4759 | D:5      | Found an ancient bone altar of Kikubaaqudgha.
  4918 | D:6      | Noticed Sigmund
  4926 | D:6      | Killed Sigmund
  4926 | D:6      | Reached XP level 9. HP: 54/54 MP: 10/16
  4967 | D:6      | Found a basalt altar of Yredelemnul.
  5043 | D:6      | Reached skill level 5 in Spellcasting
  5198 | D:6      | Found Tawk's Antique Armour Emporium.
  5252 | D:6      | Got a pair of steaming gloves
  5253 | D:6      | Identified the cursed +0 pair of gloves of Jigsaw {*Slow
                  | Str+2 Dex+2} (You found it on level 6 of the Dungeon)
  5590 | D:6      | You fall through a shaft!
  5597 | D:7      | Reached skill level 5 in Staves
  5605 | D:7      | Reached skill level 5 in Invocations
  5610 | D:7      | Found a shadowy altar of Dithmenos.
  5677 | D:7      | Got a fine spear
  5678 | D:7      | Identified the +5 spear of Asued {holy, SInv} (You found it
                  | on level 7 of the Dungeon)
  5733 | D:7      | Noticed Joseph
  5749 | D:7      | Killed Joseph
  5968 | D:7      | Reached ** piety under Elyvilon
  6294 | D:7      | Reached XP level 10. HP: 45/59 MP: 12/17
  6654 | D:8      | Got a transparent silver ring
  6678 | D:8      | Learned a level 1 spell: Apportation
  6680 | D:8      | Learned a level 1 spell: Summon Small Mammal
  6730 | D:8      | Noticed a two-headed ogre
  6744 | D:8      | Killed a two-headed ogre
  7208 | D:8      | Found an ornate altar of the Wu Jian Council.
  7305 | D:8      | Found Qoipp's Assorted Antiques.
  7394 | D:8      | Found a deep blue altar of Sif Muna.
  7669 | D:6      | Reached *** piety under Elyvilon
  8015 | D:9      | Found Tonuzamn's Jewellery Shoppe.
  8244 | D:9      | Found a blossoming altar of Fedhas.
  8370 | D:9      | Found a shattered altar of Ashenzari.
  8370 | D:9      | Reached **** piety under Elyvilon
  8526 | D:10     | Entered Level 10 of the Dungeon
  8653 | D:10     | Identified the ring of Foolhardiness {rCorr Int+2} (You
                  | found it on level 8 of the Dungeon)
  8772 | D:10     | Noticed Acry's ghost (novice GrGl)
  8773 | D:10     | Found a runed door.
  9221 | D:10     | Reached XP level 11. HP: 68/68 MP: 18/18
  9357 | D:10     | Found a staircase to the Lair.
  9736 | D:10     | Noticed a green ugly thing
  9745 | D:10     | Killed a green ugly thing
 10042 | Lair:1   | Entered Level 1 of the Lair of Beasts
 10045 | Lair:1   | Reached ***** piety under Elyvilon
 10571 | Lair:1   | Noticed an eight-headed hydra
 10584 | Lair:1   | Killed an eight-headed hydra
 10590 | Lair:1   | Reached skill level 5 in Dodging
 10733 | Lair:1   | Noticed an oklob plant
 10733 | Lair:1   | Noticed an oklob plant
 10964 | Lair:1   | Killed an oklob plant
 11055 | Lair:1   | Killed an oklob plant
 11254 | Lair:1   | Reached skill level 10 in Staves
 12053 | Lair:2   | Reached XP level 12. HP: 73/76 MP: 10/19
 12143 | Lair:2   | Found a staircase to the Shoals.
 12159 | Lair:1   | Reached skill level 1 in Summonings
 12316 | Lair:2   | Identified the Volume of Creation
 13370 | Lair:3   | Noticed a four-headed hydra
 13381 | Lair:3   | Killed a four-headed hydra
 13513 | Lair:3   | Reached skill level 10 in Fighting
 13840 | Lair:3   | Found a transporter.
 13842 | Lair:3   | Found the +2 pair of boots of the Assassin {Detection Stab+
                  | Stlth++}
 14062 | Lair:3   | Found a hole to the Spider Nest.
 14270 | Lair:3   | Reached ****** piety under Elyvilon
 14397 | Lair:3   | Found a transporter.
 15372 | Lair:4   | Reached XP level 13. HP: 80/83 MP: 20/20
 15409 | Lair:4   | Reached skill level 10 in Earth Magic
 16250 | Lair:5   | Learned a level 5 spell: Lee's Rapid Deconstruction
 16414 | Lair:5   | Reached skill level 1 in Conjurations
 16519 | Lair:5   | Noticed Josephine
 16554 | Lair:5   | Killed Josephine
 17343 | Lair:6   | Entered Level 6 of the Lair of Beasts
 17961 | Lair:6   | Reached skill level 1 in Evocations
 17981 | Lair:6   | Noticed Sonja
 17999 | Lair:6   | Killed Sonja
 18428 | Lair:6   | Noticed a dire elephant
 18995 | Lair:6   | Pacified a dire elephant
 19045 | Lair:6   | Gained mutation: Your large and strong wings let you fly
                  | indefinitely. [Gargoyle growth]
 19045 | Lair:6   | Reached XP level 14. HP: 84/91 MP: 15/21
 19088 | Lair:6   | Found a staircase to the Slime Pits.
 19088 | Lair:6   | Found a viscous altar of Jiyva.
 19656 | Lair:6   | Reached skill level 5 in Conjurations
 20448 | D:11     | Found a staircase to the Orcish Mines.
 21408 | D:12     | Found Puxzeul's Weapon Emporium.
 21462 | D:12     | Found a flagged portal.
 21483 | Bailey   | Entered a bailey
 23610 | Orc:1    | Entered Level 1 of the Orcish Mines
 23613 | Orc:1    | Found Ofiham's Book Shoppe.
 23796 | Orc:1    | Found Xomo's Gadget Emporium.
 24481 | Orc:2    | Entered Level 2 of the Orcish Mines
 24929 | Orc:2    | Noticed Snorg
 25325 | Orc:1    | Bought the Tome of Supportive Orientation for 1641 gold
                  | pieces
 25333 | Orc:1    | Learned a level 3 spell: Conjure Flame
 25518 | Orc:2    | Killed Snorg
 25733 | Orc:2    | Noticed Rupert
 25746 | Orc:2    | Paralysed by Rupert for 5 turns
 26307 | Orc:2    | Found a staircase to the Elven Halls.
 26422 | Orc:2    | Found Yhupont's General Store.
 27139 | Orc:2    | Found Kuam's General Store.
 27185 | Orc:2    | Reached skill level 10 in Invocations
 27601 | Orc:2    | Slain by an orc knight

Skill      XL: |  1  2  3  4  5  6  7  8  9 10 11 12 13 14 |
---------------+-------------------------------------------+-----
Earth Magic    | 4 5 6 7 8 9 11 | 11.0
Spellcasting   | 3 4 5 |  5.0
Fighting       | 1 2 3 5 7 9 10 11 12 | 12.6
Staves         | 2 4 6 8 10 11 12 | 12.0
Shields        | 2 4 |  4.0
Invocations    | 2 7 8 10 | 10.0
Dodging        | 3 5 6 8 |  8.9
Summonings     | 2 |  2.1
Conjurations   | 4 6 |  6.0
Evocations     | 2 4 |  4.8
Stealth        | |  2.1
Transmutations | |  0.7

Action                   |  1- 3 |  4- 6 |  7- 9 | 10-12 | 13-15 || total
-------------------------+-------+-------+-------+-------+-------++-------
Melee: Unarmed           |    39 |       |       |       |       ||    39
       Hand axe          |    29 |       |       |       |       ||    29
       Dagger            |       |   135 |    11 |       |       ||   146
       Staff             |       |       |   388 |   901 |  1330 ||  2619
       Spear             |       |       |       |       |     1 ||     1
Throw: Stone             |       |     1 |       |       |       ||     1
 Cast: Sandblast         |    31 |    37 |    93 |   159 |   113 ||   433
       Stone Arrow       |       |       |     6 |   128 |   223 ||   357
       Passwall          |       |       |     1 |       |     7 ||     8
       Summon Small Mamm |       |       |       |     2 |     4 ||     6
       Lee's Rapid Decon |       |       |       |       |    14 ||    14
       Conjure Flame     |       |       |       |       |     3 ||     3
Invok: Heal Other        |       |       |       |       |     5 ||     5
       Greater Healing   |       |       |       |       |     2 ||     2
       Lesser Healing    |       |       |       |       |     1 ||     1
 Abil: Fly               |       |       |       |       |     1 ||     1
Evoke: Wand              |       |       |       |       |     2 ||     2
       Lamp of fire      |       |       |       |       |     1 ||     1
  Use: Scroll            |       |       |     2 |     9 |     4 ||    15
       Potion            |       |       |       |       |     6 ||     6
 Stab: Sleeping          |     2 |     3 |     1 |       |     1 ||     7
       Confused          |       |       |       |       |     2 ||     2
  Eat: Chunk             |     1 |     5 |    12 |    30 |    40 ||    88
       Ration            |       |       |       |     2 |     5 ||     7
Armor: Robe              |    32 |    49 |   164 |   268 |   357 ||   870
Dodge: Dodged            |    74 |    82 |   214 |   524 |  1056 ||  1950
Block: Buckler           |       |       |    69 |   150 |   253 ||   472
